 Dungeon Crawl Stone Soup version 0.17.0-26-gececa24 (webtiles) character file.

46 graki42 the Firebug (level 3, -3/19 HPs)
             Began as a Deep Elf Fire Elementalist on Nov 20, 2015.
             Slain by an adder (5 damage)
             ... on level 2 of the Dungeon.
             The game lasted 00:04:10 (1309 turns).

graki42 the Firebug (Deep Elf Fire Elementalist)    Turns: 1309, Time: 00:04:10

Health: -3/19      AC:  2    Str:  5    XL:     3   Next: 44%
Magic:  0/10       EV: 13    Int: 20    God:
Gold:   49         SH:  0    Dex: 15    Spells: 3 memorised, 2 levels left

rFire  . . .     SeeInvis .     g - +0 short sword
rCold  . . .     Clarity  .     a - +0 robe
rNeg   . . .     SustAt   .     (no shield)
rPois  .         Gourm    .     (no helmet)
rElec  .         Spirit   .     (no cloak)
rCorr  .         Warding  .     (no gloves)
rMut   .         Stasis   .     (no boots)
MR     .....                    (no amulet)
Stlth  ++........               (no ring)
                                (no ring)

@: very slightly contaminated, not resistant to hostile enchantments, unstealthy
A: no striking features
a: no special abilities


You were on level 2 of the Dungeon.
You were not hungry.

You visited 1 branch of the dungeon, and saw 2 of its levels.

You collected 49 gold pieces.

Inventory:

Hand Weapons
 g - a +0 short sword (weapon)
Armour
 a - a +0 robe (worn)
 k - a +0 robe
Scrolls
 e - a scroll of remove curse {unknown}
 f - 2 scrolls of identify {unknown}
 h - a scroll of fear {unknown}
 l - a scroll of teleportation {unknown}
 o - a scroll of recharging {unknown}
 p - a scroll of blinking {unknown}
Potions
 d - a potion of brilliance {unknown}
 j - a potion of haste {unknown}
 m - a potion of curing {unknown}
Books
 b - a book of Flames

   Spells                             Type                      Level
   a - Flame Tongue                   Conjuration/Fire             1
   b - Throw Flame                    Conjuration/Fire             2
   c - Conjure Flame                  Conjuration/Fire             3
   d - Inner Flame                    Hexes/Fire                   3
   e - Sticky Flame                   Conjuration/Fire             4
   f - Fireball                       Conjuration/Fire             5
Comestibles
 c - 2 bread rations
 i - 2 meat rations
 n - a chunk of flesh


   Skills:
 + Level 0.1 Fighting
 + Level 2.8 Dodging
 + Level 2.5 Stealth
 + Level 3.5 Spellcasting
 + Level 1.5 Conjurations
 + Level 4.1 Fire Magic


You had 2 spell levels left.
You knew the following spells:

 Your Spells              Type           Power        Failure   Level  Hunger
a - Flame Tongue          Conj/Fire      ###..        4%          1    None
b - Conjure Flame         Conj/Fire      ###.....     14%         3    ###....
c - Inner Flame           Hex/Fire       ##......     21%         3    ###....


Dungeon Overview and Level Annotations

Branches:
Dungeon (2/15)

Altars:
Fedhas
Makhleb


Message History

Casting: Flame Tongue
Confirm with . or Enter, or press ? or * to list all spells.
Aiming: Flame Tongue
Press: ? - help, Shift-Dir - straight line, f/p - adder
Aim: an adder (severely wounded)
The flame tongue hits the adder.
The adder appears unharmed.
The adder is severely wounded.
The jackal bites you. The jackal misses you. The jackal closely misses you.
The adder bites you.
* * * LOW HITPOINT WARNING * * *
You hit the adder.
The adder is almost dead.
The jackal misses you. The jackal closely misses you.
The adder bites you but does no damage.
You barely miss the adder.
The adder is almost dead.
The jackal closely misses you. x2
The adder bites you but does no damage. The jackal misses you.
The jackal barely misses you. The adder bites you.
You die...

#... ##.# ########## #..
............ .. ##.
.........#.######.######.
.#####...#.#...##........
.#$((#...#.#.#.##........
.#??!#.hh#.#.#.##.......#
.#$$$#.S@#.#)#.##.......#
.#####..##.#.#.##........
..........<..#.##........
........######.##........
.............#.##........
############.#.##........
#(#.##........
#.#.##)###.... #.#.##†#
###..


You could see an adder and 2 jackals.

Vanquished Creatures
  An adder (D:2)
  6 hobgoblins
  7 jackals
  5 bats
  2 giant newts (D:2)
  3 goblins
  5 kobolds
  4 rats
33 creatures vanquished.

Notes
Turn   | Place    | Note
--------------------------------------------------------------
     0 | D:1      | graki42 the Deep Elf Fire Elementalist began the quest for the Orb.
     0 | D:1      | Reached XP level 1. HP: 10/10 MP: 6/6
   334 | D:1      | Reached XP level 2. HP: 15/15 MP: 2/8
   809 | D:2      | Reached skill level 4 in Fire Magic
   942 | D:2      | Found a blossoming altar of Fedhas.
   942 | D:2      | Found a burning altar of Makhleb.
  1066 | D:2      | Reached XP level 3. HP: 19/19 MP: 7/9
  1074 | D:2      | Learned a level 3 spell: Conjure Flame
  1078 | D:2      | Learned a level 3 spell: Inner Flame
  1309 | D:2      | Slain by an adder

Action                   || total
-------------------------++-------
Melee: Unarmed           ||     9
       Short sword       ||    19
 Cast: Flame Tongue      ||    65
  Eat: Chunk             ||     1
